 Dungeon Crawl Stone Soup version 0.29.1-2-gbd0b4ee654 (webtiles) character file.

Game seed: 1537517795898795800

77 simples the Covered (level 4, -5/40 HPs)
             Began as a Meteoran Fighter on Nov 29, 2022.
             Slain by a scorpion (6 damage)
             ... on level 3 of the Dungeon.
             The game lasted 00:02:43 (715 turns).

simples the Covered (Meteoran Fighter)               Turns: 715, Time: 00:02:44

Health: -5/40      AC:  7    Str: 19    XL:     4   Next: 89%
Magic:  5/5        EV:  9    Int:  9    God:
Gold:   65         SH:  5    Dex: 14    Spells: 3/3 levels left

rFire   . . .      SeeInvis .   a - +0 flail
rCold   . . .      Faith    .   c - +0 buckler
rNeg    . . .      Spirit   .   b - +0 scale mail
rPois   .          Reflect  .   (no helmet)
rElec   .          Harm     .   (no cloak)
rCorr   .          Rampage  .   (no gloves)
Will    .....                   (no boots)
Stlth   ..........              (no amulet)
HPRegen 0.13/turn               (no ring)
MPRegen 0.09/turn               (no ring)

@: lethally poisoned (-5 -> -16), glowing, invisible (but backlit and visible)
A: sense surroundings 1, otherworldly, glowing, explore regen
a: no special abilities


You were on level 3 of the Dungeon.
You visited 1 branch of the dungeon, and saw 4 of its levels.

You collected 65 gold pieces.

Inventory:

Hand Weapons
 a - a +0 flail (weapon)
 d - a +0 morningstar
Missiles
 i - 2 silver boomerangs (quivered)
 j - 6 boomerangs
Armour
 b - a +0 scale mail (worn)
 c - a +0 buckler (worn)
 f - a +0 chain mail
Jewellery
 g - a +6 ring of dexterity
Scrolls
 h - a scroll of fear
 m - 3 scrolls of enchant weapon
 n - 3 scrolls of identify
Potions
 l - a potion of heal wounds {unknown}
 o - a potion of degeneration {unknown}


   Skills:
 + Level 3.8 Fighting
 * Level 4.2 Maces & Flails
 + Level 4.2 Armour
 + Level 4.2 Shields


You had 3 spell levels left.
You didn't know any spells.
Your spell library was empty.

Dungeon Overview and Level Annotations

Branches:
Dungeon (4/15) Zot: 1668
 Temple: D:4-7

Altars:

Annotations:
D:2 exclusion: downstairs
D:4 Dowan, Duvessa, Sigmund


Innate Abilities, Weirdness & Mutations

You passively map a small area around you.
You are easily found by Zot.
You glow in the dark.
You regain HP and MP as you explore.


Message History

You feel sick.
Sigmund hits you from afar with a +0 scythe.
The scorpion barely misses you. The scorpion stings you.
You are more poisoned.
The scorpion poisons you! A mysterious force pulls you upwards.
The hatch slams shut behind you.
You feel sick.
Found a scroll of enchant weapon.
You feel better. You block the scorpion's attack.
The scorpion completely misses you.
You barely miss the scorpion.
The scorpion is lightly wounded.
The scorpion stings you but does no damage.
The scorpion barely misses you. You block the scorpion's attack.
The scorpion stings you.
You are poisoned.
The scorpion poisons you!
You hit the scorpion but do no damage.
The scorpion is lightly wounded.
* * * LOW HITPOINT WARNING * * *
You feel very sick. The scorpion stings you.
* * * LOW HITPOINT WARNING * * *
The scorpion stings you.
* * * LOW HITPOINT WARNING * * *
You are more poisoned.
The scorpion poisons you!
You barely miss the scorpion.
The scorpion is lightly wounded.
* * * LOW HITPOINT WARNING * * *
You feel very sick.
The scorpion stings you but does no damage.
The scorpion closely misses you.
The scorpion stings you but does no damage. x2
It was a potion of invisibility.
You become transparent, but the glow from your body prevents you from becoming completely invisible.
* * * LOW HITPOINT WARNING * * *
You feel very sick. The scorpion stings you.
You die...

*, #...# ,
*#...#* * *
***..#..* ** *,,
,..###. , * ..#,
* * .... , * ,
#.... *,#*
......###.### *
***###.#.?s@s...#
, ..#.######.#.#
*,##.#.#### ,# *
#..J....#
#.......# ** *
#.<.....#* * , *
#.......# , ,, ,
.........# , *
###.......#


You could see 2 scorpions.

Vanquished Creatures
  An orc wizard (D:3)
  2 adders
  A worm (D:2)
  5 orcs (D:3)
  3 ball pythons
  2 endoplasms
  A giant cockroach (D:3)
  A goblin (D:4)
  A hobgoblin (D:1)
  A jackal (D:3)
  A kobold (D:2)
  3 quokkas (D:2)
  2 bats
  A rat (D:2)
25 creatures vanquished.

Notes
Turn   | Place    | Note
-------+----------+-------------------------------------------
     0 | D:1      | simples the Meteoran Fighter began the quest for the Orb.
     0 | D:1      | Reached XP level 1. HP: 19/19 MP: 2/2
   184 | D:2      | Reached XP level 2. HP: 23/26 MP: 3/3
   230 | D:3      | Noticed a jelly
   300 | D:2      | Reached XP level 3. HP: 25/31 MP: 4/4
   402 | D:3      | Reached XP level 4. HP: 21/40 MP: 5/5
   643 | D:4      | Noticed Dowan
   644 | D:4      | Noticed Duvessa
   696 | D:4      | Noticed Sigmund
   699 | D:4      | Noticed a scorpion
   700 | D:4      | Noticed a scorpion
   715 | D:3      | HP: 1/40 [poisoned by a scorpion]
   715 | D:3      | Slain by a scorpion

Illustrated notes

Levels and vault maps discovered:
D:1:      dpeg_arrival_three_smaller_balls, layout_loops_ring,
          ebering_ecumenical_altar_hall
D:2:      layout_basic
D:3:      minmay_angry_zag, layout_loops_cross, minmay_unequal
D:4:      layout_basic, nicolae_gozag_cash_rules_everything_around_me,
          minmay_temple_entry_glassed_door, minivault_26, minivault_14,
          uniq_duvessa, uniq_sigmund

Skill      XL: |  1  2  3 |
---------------+----------+-----
Maces & Flails | 3 4 |  4.2
Armour         | 4 |  4.2
Shields        | 4 |  4.2
Fighting       | |  3.8

Action                   |  1- 3 |  4- 6 || total
-------------------------+-------+-------++-------
Melee: Flail             |    45 |    23 ||    68
  Use: Scroll            |     3 |     2 ||     5
       Potion            |     2 |     2 ||     4
Armor: Scale mail        |    14 |    26 ||    40
Dodge: Dodged            |    20 |    20 ||    40
Block: Buckler           |    10 |    12 ||    22
